 Dungeon Crawl Stone Soup version 0.31-a0-981-geadf994542 (webtiles) character file.

Game seed: 10029668325434074321

1648503 GordonOverkill the Conqueror (level 27, 194/194 (199) HPs)
             Began as a Tengu Delver on Nov 1, 2023.
             Was a High Priest of Trog.
             Escaped with the Orb
             ... and 3 runes!
             The game lasted 02:42:09 (71595 turns).

GordonOverkill the Conqueror (Tengu Delver)        Turns: 71595, Time: 02:42:09

HP:   194/194 (199) AC: 43    Str: 28    XL:     27
MP:   24/24         EV: 23    Int: 18    God:    Trog [*****.]
Gold: 638           SH: 37    Dex: 18    Spells: 26/26 levels left

rFire   + + .        a - +9 eveningstar (freeze)
rCold   + + .        o - +6 tower shield {reflect}
rNeg    . . .        E - +8 orange crystal plate armour {Archmagi, Int+3 Clar}
rPois   .            Y - +3 crown of Dyrovepreva {rElec Int+2 SInv}
rElec   +            Q - scarf {rC+ rF+}
rCorr   .            G - +2 pair of gloves {Str+3}
SInv    +            (boots unavailable)
Will    +++..        h - amulet of reflection Stlth
                     H - ring of protection from fire
HPRegen 1.32/turn    n - ring "Sempoikk" {rElec rC+ EV+5 Str+3 Slay+3}
MPRegen 0.19/turn

%: reflection, acrobat, clarity, archmagi
@: flying, studying 2 skills, lightly drained
A: beak, talons 3, evasive flight, acrobatic, claws 1, strong-willed 1,
regeneration 1, no potion heal 1
0: Orb of Zot
}: 3/15 runes: decaying, serpentine, silver
a: Renounce Religion, Berserk, Trog's Hand, Brothers in Arms


You escaped.
You worshipped Trog.
Trog was extremely pleased with you.
You visited 10 branches of the dungeon, and saw 48 of its levels.
You visited the Abyss 1 time.
You also visited: Gauntlet and Ice Cave.

You collected 7932 gold pieces.
You spent 7294 gold pieces at shops.

Inventory:

Hand Weapons
 a - a +9 eveningstar of freezing (weapon)
 b - the +10 morningstar "Osixtap" {antimagic, Will+}
   (Trog gifted it to you on level 5 of the Vaults)

   Will+:     It increases your willpower.
Missiles
 v - a throwing net
 F - 7 curare-tipped darts (quivered)
 W - 15 silver javelins
Armour
 o - a +6 tower shield of reflection (worn)
 s - a +0 cloak of willpower
 E - the +8 orange crystal plate armour (worn) {Archmagi, Int+3 Clar}
   (You bought it in a shop on level 12 of the Dungeon)

   Int+3:     It affects your intelligence (+3).
   Clar:      It protects you from confusion, rage, mesmerisation and fear.
 G - a +2 pair of gloves of strength (worn)
 Q - a scarf of resistance (worn)
 Y - the +3 crown of Dyrovepreva (worn) {rElec Int+2 SInv}
   (You found it on level 13 of the Dungeon)

   Int+2:     It affects your intelligence (+2).
   rElec:     It insulates you from electricity.
   SInv:      It lets you see invisible.
Jewellery
 h - an amulet of reflection (around neck)
 n - the ring "Sempoikk" (right hand) {rElec rC+ EV+5 Str+3 Slay+3}
   (You found it on level 3 of the Snake Pit)

   [ring of evasion]

   EV+5:      It affects your evasion (+5).
   Str+3:     It affects your strength (+3).
   Slay+3:    It affects your accuracy & damage with ranged weapons and melee
   (+3).
   rC+:       It protects you from cold.
   rElec:     It insulates you from electricity.
 t - the ring "Diecaah" {rPois rCorr MP+9 Dex-2}
   (You found it on level 3 of the Elven Halls)

   [ring of magical power]

   Dex-2:     It affects your dexterity (-2).
   rPois:     It protects you from poison MP+9: It affects your magic capacity
   (+9).
   rCorr:     It protects you from acid and corrosion.
 H - a ring of protection from fire (left hand)
 J - a ring of willpower
Wands
 g - a wand of digging (40)
 k - a wand of mindburst (37)
 q - a wand of light (34)
 y - a wand of charming (53)
 P - a wand of roots (66)
Scrolls
 c - 8 scrolls of fog
 d - a scroll of revelation
 i - 9 scrolls of vulnerability
 p - 10 scrolls of fear
 u - 2 scrolls of silence
 A - 6 scrolls of immolation
 C - 2 scrolls of butterflies
 S - 18 scrolls of teleportation
 U - 2 scrolls of blinking
Potions
 f - 6 potions of cancellation
 j - 2 potions of haste
 l - 2 potions of berserk rage
 r - 9 potions of mutation
 w - 14 potions of invisibility
 x - 11 potions of enlightenment
 z - 3 potions of heal wounds
 B - 4 potions of lignification
 I - 19 potions of curing
 K - a potion of resistance
 O - a potion of magic
 T - 4 potions of might
 V - 6 potions of ambrosia
Miscellaneous
 M - a box of beasts
 X - a phantom mirror
 Z - a condenser vane


   Skills:
 O Level 27 Fighting
 - Level 18.0 Maces & Flails
 - Level 1.0 Throwing
 + Level 22.1 Armour
 - Level 15.0 Dodging
 - Level 5.0 Stealth
 O Level 27 Shields
 - Level 17.0 Evocations


You had 26 spell levels left.
You didn't know any spells.
Your spell library was empty.

Dungeon Overview and Level Annotations

Branches:
Dungeon (15/15)            Temple (1/1) D:5            Lair (5/5) D:10
  Swamp (4/4) Lair:3        Snake (4/4) Lair:2        Slime (0/5) Lair:5
    Orc (2/2) D:11            Elf (3/3) Orc:2        Vaults (5/5) D:14
  Crypt (0/3) Vaults:3     Depths (4/4) D:15            Zot (5/5) Depths:4
  IceCv (visited)         Gauntlet (visited)

Altars:
Ashenzari
Cheibriados
Dithmenos
Elyvilon
Fedhas
Gozag
Hepliaklqana
Kikubaaqudgha
Makhleb
Nemelex Xobeh
Okawaru
Qazlal
Ru
Sif Muna
Trog
Uskayaw
Vehumet
Wu Jian
Xom
Yredelemnul
Zin
The Shining One
Jiyva

Shops:
D:4 [[   D:11 (   D:12 [*   Orc:2 [=!=   Elf:2 ==   Elf:3 (   Snake:3 ==:
Snake:4 :(*   Vaults:2 :   Vaults:3 (   Depths:1 [   Depths:2 :   Depths:4 :

Portals:
Hell: Depths:1 Depths:2 Depths:3 Depths:4
Abyss: Depths:3
Pandemonium: Depths:1 Depths:2 Depths:3
Ziggurat: Depths:1
Trove: D:11 (give horn of Geryon)

Annotations:
D:15 1 runed translucent door
Swamp:2 2 transporters, Tarkan's ghost, journeyman MiBe
Snake:2 6 transporters
Vaults:1 2 transporters, exclusion: obsidian statue


Innate Abilities, Weirdness & Mutations

You have a beak for a mouth.
You have claws for feet.
Your magical flight helps you evade attacks. (EV +4)
You can magically evade attacks while moving or waiting.
You have sharp fingernails.
You are strong-willed. (Will+)
Your natural rate of healing is unusually fast.
Potions are less effective at restoring your health.


Message History

You peck the soul eater, but do no damage.
The soul eater is severely wounded.
The soul eater hits you but does no damage.
You completely miss the soul eater. You claw the soul eater!
The soul eater is almost dead.
You pound the soul eater like an anvil!!!
You kill the soul eater!
Trog accepts your kill.
You feel a strong urge to attack something.
You are no longer berserk.
You are exhausted.
You feel yourself slow down.
What level of the Dungeon? (default 1, ? - help)
There is an escape hatch in the ceiling here.
A mysterious force pulls you upwards. The hatch slams shut behind you.
There is an escape hatch in the ceiling here.
A mysterious force pulls you upwards. The hatch slams shut behind you.
You feel yourself speed up.
An Orb Guardian comes into view.
You recover from your berserk rage.
You see here a +0 ring mail.
There is an escape hatch in the ceiling here.
A mysterious force pulls you upwards. The hatch slams shut behind you.
What level of the Dungeon? (default 1, ? - help)
There is a stone staircase leading up here.
You see here a scroll of noise.
You fly upwards.
There is a stone staircase leading down here.
You see here a +2 long sword of holy wrath.
An ice devil comes into view.
There is a stone staircase leading up here.
You fly upwards.
There is a stone staircase leading down here.
What level of the Dungeon? (default 1, ? - help)
There is a stone staircase leading up here.
You fly upwards.
There is a stone staircase leading down here.
There is an open door here.
There is a staircase leading out of the dungeon here.
You have escaped!

.....>.....# #.....# #.#
############ #.....# ##.# ..#
#.8.8.# ###..# #.## #.....#
#.).##
...###########.....########.###
#...##......'..8.8..'....^#.#
..#...########.....########.##
####........#8.....8##.......#
#.####>###...@...##.#...#.####
#.# #.############...#...[...
#.# #..##...................#
#.# ##....###.######.#...###.
####.# ###.###
#........#....... .....# #...#
##.##..###.#.#### #########.###
#.#.......#..... ..........#
#.###.########## ###########
#.....#


There were no monsters in sight!

Vanquished Creatures
  3 dread liches
  5 ancient liches
  Mara (Depths:1)
  4 orbs of fire
  Mennas (Depths:4)
  A juggernaut (Depths:3)
  5 Killer Klowns (Zot:5)
  Margery (Vaults:3)
  Vashnia (Snake:3)
  8 caustic shrikes
  A pandemonium lord (D:7)
  12 golden dragons
  A bone dragon (Depths:4)
  A golden dragon (shapeshifter) (Depths:3)
  The ghost of BinkBink the Slayer, an adept GrFi of Qazlal (Vaults:1)
  2 electric golems (Zot:5)
  3 walking earthen tomes
  Jorgrun (Orc:2)
  23 tentacled monstrosities
  3 liches
  2 deep elf blademasters
  10 quicksilver dragons
  A walking divine tome (Depths:3)
  26 Orb Guardians
  2 deep elf master archers
  4 sphinxes
  An Executioner (D:14)
  6 titans
  7 death cobs
  An acid blob (shapeshifter) (Vaults:5)
  6 shadow dragons
  A tentacled starspawn (Abyss:4)
  8 tengu reavers
  3 thorn hunters
  Kirke (Swamp:2)
  Aizul (Snake:3)
  16 storm dragons
  6 draconian monks
  A fenstrider witch (Swamp:4)
  6 draconian knights
  An occultist (Elf:3)
  10 deep elf sorcerers
  6 nagarajas
  4 draconian scorchers
  13 vault wardens
  9 fire giants
  8 frost giants
  A balrug (Depths:2)
  5 iron dragons
  A caustic shrike zombie (Depths:3)
  2 ghouls (Swamp:4)
  6 deep elf elementalists (Elf:3)
  7 draconian annihilators
  A juggernaut zombie (Depths:3)
  3 cacodemons
  22 ironbound preservers
  4 formless jellyfish
  2 ghost moths (Zot:5)
  An orc warlord (Vaults:4)
  4 spriggan defenders
  6 draconian shifters
  A demonspawn blood saint (D:14)
  3 draconian stormcallers
  4 deep elf demonologists
  A hydra skeleton (Swamp:4)
  18 very ugly things
  A demonspawn black sun (D:14)
  4 vampire knights
  14 stone giants
  4 eleionomae
  12 green draconians
  6 ironbound thunderhulks
  5 bunyips
  A minotaur (Gauntlet)
  13 deep elf annihilators
  14 dire elephants
  7 yellow draconians
  7 purple draconians
  The ghost of BinkBink the Grappler, a journeyman TrBe of Trog (D:13)
  9 black draconians
  A spark wasp (shapeshifter) (Vaults:5)
  6 white draconians
  7 red draconians
  8 spark wasps
  A crystal guardian (Vaults:3)
  8 ettins
  7 deep elf death magi
  10 deep elf high priests
  8 jiangshi
  20 yaktaur captains
  4 great orbs of eyes
  4 shambling mangroves
  3 fire dragons
  3 entropy weavers
  36 vault guards
  A merfolk avatar (Lair:5)
  4 ogre magi
  A jorogumo (shapeshifter) (Depths:4)
  A peacekeeper (Vaults:3)
  4 salamander tyrants
  8 ice dragons
  14 hydras
  10 centaur warriors
  7 boulder beetles
  8 alligators
  9 ironbound frosthearts
  5 spriggan air magi
  An anaconda (shapeshifter) (Vaults:1)
  7 tengu warriors
  15 anacondas
  14 two-headed ogres
  4 death yaks (Lair:5)
  8 deep troll shamans
  2 hell hogs (Abyss:4)
  7 deep troll earth magi
  2 thrashing horrors (Abyss:4)
  34 dancing weapons
  3 soul eaters
  3 spriggan berserkers
  3 vampire magi
  19 naga warriors
  11 naga sharpshooters
  4 shock serpents
  A sun demon (Depths:2)
  18 deep elf knights
  20 hell knights
  Sonja (Lair:5)
  A fire crab (Lair:3)
  4 skysharks (Lair:5)
  A wretched star (Abyss:4)
  6 iron trolls
  2 storm dragon zombies
  A titan skeleton (Vaults:3)
  An orb spider (shapeshifter) (D:15)
  2 sixfirhies
  3 salamander mystics (Snake:4)
  3 goliath frogs
  61 deep trolls
  9 naga ritualists
  A death drake (shapeshifter) (Vaults:5)
  8 spriggan druids
  11 sea snakes
  9 swamp dragons
  6 glowing orange brains
  32 deep elf pyromancers
  An obsidian statue (Snake:1)
  4 flayed ghosts
  2 orange crystal statues
  8 arcanists
  11 necromancers
  3 spectral hydras (Swamp:4)
  A shadow demon (D:13)
  15 deep elf archers
  6 lindwurms
  9 harpies
  3 bog bodies
  3 phantasmal warriors
  3 oklob plants (Swamp:4)
  21 ironbound convokers
  33 ugly things
  5 orc knights
  3 starcursed masses (Abyss:4)
  34 deep elf zephyrmancers
  A mana viper (shapeshifter) (Vaults:1)
  10 salamanders
  An orc sorcerer (Orc:1)
  A salamander (shapeshifter) (Vaults:1)
  9 mana vipers
  10 cyclopes
  A tengu skeleton (Depths:3)
  5 will-o-the-wisps
  A manticore (shapeshifter) (Vaults:1)
  3 manticores
  A worldbinder (Abyss:4)
  An elephant (Lair:5)
  29 black mambas
  An ice statue (IceCv)
  3 guardian serpents
  27 moths of wrath
  19 naga magi
  A human skeleton (Vaults:3)
  Maurice (D:7)
  24 vault sentinels
  A torpor snail (shapeshifter) (Vaults:1)
  A hellion (Depths:2)
  4 gargoyles
  20 cane toads
  An unseen horror (D:12)
  2 smoke demons
  10 komodo dragons
  4 rime drakes
  A yaktaur (shapeshifter) (D:14)
  2 ancient zymes (Abyss:4)
  10 freezing wraiths
  3 tormentors
  3 anaconda simulacra (IceCv)
  An ice devil (IceCv)
  6 tengu conjurers
  33 yaktaurs
  Grinder (D:3)
  2 hydra zombies (Swamp:4)
  3 death drake zombies (Swamp:4)
  A meliai (shapeshifter) (Depths:3)
  7 tyrant leeches
  4 polar bears
  11 raiju (Abyss:4)
  20 hornets
  17 trolls
  2 glass eyes
  17 blink frogs
  A tyrant leech (shapeshifter) (Vaults:5)
  A wind drake (shapeshifter) (Vaults:1)
  Prince Ribbit (D:8)
  2 raiju (shapeshifter)
  A snapping turtle (Lair:5)
  6 dream sheep (Lair:3)
  A dream sheep (shapeshifter) (Vaults:1)
  An elf zombie (Vaults:3)
  Sigmund (D:6)
  25 slime creatures
  A dire elephant simulacrum (IceCv)
  5 water elementals
  16 spriggans
  3 wraiths
  A ynoxinul (Depths:1)
  5 shadows
  5 air elementals
  4 wyverns
  A spriggan (shapeshifter) (Depths:3)
  4 large abominations
  Eustachio (D:5)
  2 fire elementals
  2 hogs (Swamp:2)
  A human (shapeshifter) (D:14)
  4 basilisks
  60 yaks
  4 steam dragons
  11 vampire mosquitoes
  A fire bat (shapeshifter) (Elf:2)
  4 golden eyes
  A chaos spawn (Abyss:4)
  A steam dragon (shapeshifter) (Depths:3)
  7 wargs
  57 nagas
  A death yak simulacrum (IceCv)
  A naga (shapeshifter) (Vaults:1)
  A harpy simulacrum (IceCv)
  Edmund (D:5)
  4 acid dragons
  14 water moccasins
  4 hydra simulacra
  14 swamp worms
  6 black bears
  3 ice beasts
  24 orc warriors
  4 swamp drakes
  2 swamp dragon zombies (Swamp:4)
  20 ogres
  8 centaurs
  31 wolves
  A swamp dragon skeleton (Swamp:4)
  2 phantoms
  2 kobold brigands
  The ghost of temujin the Magician, an amateur DECj (D:4)
  13 bullfrogs
  A bullfrog (shapeshifter) (Vaults:1)
  6 two-headed ogre simulacra
  5 scorpions
  A cane toad simulacrum (IceCv)
  4 earth elementals
  2 gnoll sergeants
  6 wights (D:6)
  7 killer bees (D:9)
  3 elephant simulacra (IceCv)
  A howler monkey (shapeshifter) (Vaults:1)
  5 howler monkeys
  4 electric eels
  3 quasits (D:4)
  3 jellies
  15 orc priests
  3 hounds
  Crazy Yiuf (D:2)
  3 iguanas (D:5)
  3 sleepcaps (D:7)
  23 orc wizards
  2 polar bear simulacra (IceCv)
  6 troll simulacra (IceCv)
  5 spriggan simulacra (IceCv)
  2 wolf simulacra (IceCv)
  9 gnolls
  8 adders
  8 naga simulacra
  A shadow imp (Gauntlet)
  12 white imps
  2 ufetubi (IceCv)
  2 worms (D:2)
  57 orcs
  8 ball pythons
  6 endoplasms
  3 giant cockroaches
  7 hobgoblins
  8 jackals
  10 kobolds
  10 quokkas
  3 training dummies (D:11)
  9 bats
  4 frilled lizards
  10 goblins
  7 rats
  2 fire vortices (Zot:5)
2163 creatures vanquished.

Vanquished Creatures (collateral kills)
  An orb of fire (Zot:5)
  A dread lich (Zot:5)
  A juggernaut (Depths:3)
  A sphinx (Depths:3)
  A tengu reaver (Vaults:5)
  2 fire giants (Depths:3)
  The ghost of Lusmu the Convoker, an adept TeSu of Dithmenos (Snake:1)
  A very ugly thing (Depths:3)
  A stone giant (Vaults:5)
  A fire dragon (Depths:3)
  A shambling mangrove (Swamp:4)
  A vault guard (Vaults:5)
  An ice dragon (Depths:3)
  A dancing weapon (Snake:1)
  A naga sharpshooter (Snake:3)
  A deep troll (Depths:3)
  An ironbound convoker (Vaults:5)
  A harpy (Vaults:5)
  A naga mage (Snake:2)
  A naga (Snake:2)
  2 ogres (Orc:2)
23 creatures vanquished.

Vanquished Creatures (others)
  The ghost of kush the Ruinous, a master DsFE of Vehumet (Zot:5)
  A draconian knight (Zot:3)
  A deep elf knight (Elf:1)
  A naga sharpshooter (Snake:4)
  A harpy (shapeshifter) (Vaults:5)
  A deep elf pyromancer (Elf:3)
  3 deep elf zephyrmancers
  A vault sentinel (Vaults:3)
  A yaktaur (Vaults:3)
  A freezing wraith (Vaults:5)
  A bloated husk (Swamp:4)
  A golden eye (Abyss:4)
  2 orc wizards (D:11)
  8 foxfires
  2 starspawn tentacles (Abyss:4)
26 creatures vanquished.

Grand Total: 2212 creatures vanquished

Notes
Turn   | Place    | Note
-------+----------+-------------------------------------------
     0 | D:5      | GordonOverkill the Tengu Delver began the quest for the
                  | Orb.
     0 | D:5      | Reached XP level 1. HP: 14/14 MP: 2/2
     1 | D:6      | Noticed Eustachio
     3 | D:6      | Noticed Edmund
    23 | D:5      | Found a staircase to the Ecumenical Temple.
    30 | Temple   | Entered the Ecumenical Temple
    40 | Temple   | Became a worshipper of Trog the Wrathful
    67 | D:5      | Noticed a black bear
   100 | D:5      | Noticed a scorpion
   113 | D:5      | Noticed a black bear
   117 | D:5      | Noticed an iguana
   289 | D:3      | Reached XP level 2. HP: 12/19 MP: 3/3
   354 | D:3      | Found a stormy altar of Qazlal.
   404 | D:3      | Noticed Grinder
   439 | D:3      | Found a shadowy altar of Dithmenos.
   728 | D:2      | Reached XP level 3. HP: 20/23 MP: 4/4
   984 | D:1      | Reached * piety under Trog
  1808 | D:2      | Found a runed translucent door.
  1809 | D:2      | Noticed Crazy Yiuf
  1896 | D:2      | Reached XP level 4. HP: 28/28 MP: 5/5
  2327 | D:2      | Killed Crazy Yiuf
  2328 | D:2      | Reached skill level 5 in Maces & Flails
  2328 | D:2      | Reached skill level 1 in Throwing
  2455 | D:3      | Reached XP level 5. HP: 32/32 MP: 6/6
  2724 | D:3      | Found an ornate altar of the Wu Jian Council.
  3175 | D:3      | Found a hide-covered altar of Uskayaw.
  3183 | D:3      | Found an ancient bone altar of Kikubaaqudgha.
  3281 | D:3      | Killed Grinder
  3282 | D:3      | Reached XP level 6. HP: 24/37 MP: 4/7
  3398 | D:4      | Noticed temujin's ghost (amateur DECj)
  3399 | D:4      | Found a transporter.
  3428 | D:4      | Found a transporter.
  3453 | D:4      | Identified the +4 spear of Usurping Doom {flame, rElec}
  3493 | D:4      | Found Difewk's Armour Shoppe.
  3561 | D:4      | Reached ** piety under Trog
  3767 | D:4      | Gained mutation: Your magical flight helps you evade
                  | attacks. (EV +4) [Tengu growth]
  3767 | D:4      | Reached XP level 7. HP: 41/41 MP: 6/8
  3825 | D:4      | Found Pep Deod's Antique Armour Shoppe.
  4560 | D:5      | Reached XP level 8. HP: 39/46 MP: 7/9
  4689 | D:5      | Identified the +5 dagger of the Vulture {heavy, *Corrode
                  | Fly rElec Int+7}
  4764 | D:5      | Reached skill level 10 in Maces & Flails
  5061 | D:5      | Killed Eustachio
  5109 | D:5      | Killed Edmund
  5110 | D:5      | Reached skill level 5 in Fighting
  5225 | D:6      | Noticed Sigmund
  5242 | D:6      | Reached skill level 1 in Armour
  5478 | D:6      | Identified the +7 short sword "Upracrac" {chaos, Int+2}
  5959 | D:6      | Killed Sigmund
  5960 | D:6      | Reached skill level 5 in Armour
  5960 | D:6      | Reached XP level 9. HP: 55/55 MP: 10/10
  6328 | D:6      | Reached skill level 1 in Evocations
  6938 | D:7      | Reached skill level 5 in Evocations
  7313 | D:8      | Noticed Maurice
  7316 | D:8      | Maurice stole an amulet of reflection
  7330 | D:8      | Something stole 5 poisoned darts
  7556 | D:7      | Something stole the +4 spear of Usurping Doom {flame,
                  | rElec}
  7562 | D:7      | Something stole 370 gold
  7574 | D:7      | Killed Maurice
  8042 | D:8      | Reached XP level 10. HP: 60/60 MP: 11/11
  8084 | D:8      | Noticed Prince Ribbit
  8097 | D:8      | Killed Prince Ribbit
  8573 | D:8      | Reached *** piety under Trog
  9079 | D:9      | Noticed a two-headed ogre
  9141 | D:9      | Noticed a two-headed ogre
  9145 | D:9      | Killed a two-headed ogre
  9363 | D:9      | Reached XP level 11. HP: 63/68 MP: 12/12
  9388 | D:9      | Identified the +0 whip of Wyrd {protect, Fragile rC+ rCorr
                  | Dex+3}
 10252 | D:9      | Killed a two-headed ogre
 10398 | D:10     | Entered Level 10 of the Dungeon
 10697 | D:10     | Reached skill level 10 in Fighting
 10904 | D:10     | Found a staircase to the Lair.
 11021 | D:10     | Noticed a two-headed ogre
 11031 | D:10     | Killed a two-headed ogre
 11717 | D:11     | Found Unneusmi's Firing Range.
 11760 | D:11     | Noticed a two-headed ogre
 11766 | D:11     | Killed a two-headed ogre
 11827 | D:11     | Found a frozen archway.
 11837 | D:11     | Noticed a boulder beetle
 11864 | D:11     | Killed a boulder beetle
 11865 | D:11     | Reached XP level 12. HP: 52/77 MP: 13/13
 11894 | IceCv    | Entered an ice cave
 12241 | IceCv    | Reached skill level 10 in Armour
 13056 | IceCv    | Reached **** piety under Trog
 14161 | D:11     | Reached ***** piety under Trog
 14178 | D:11     | Noticed a boulder beetle
 14227 | D:11     | Killed a boulder beetle
 14228 | D:11     | Reached skill level 15 in Maces & Flails
 14373 | D:11     | Noticed a two-headed ogre
 14380 | D:11     | Killed a two-headed ogre
 14729 | D:11     | Noticed a two-headed ogre
 14733 | D:11     | Killed a two-headed ogre
 14882 | D:11     | Found a staircase to the Orcish Mines.
 14985 | D:11     | Found a portal to a secret trove of treasure.
 15172 | Lair:1   | Entered Level 1 of the Lair of Beasts
 15239 | Lair:1   | Reached skill level 1 in Shields
 15526 | Lair:1   | Reached XP level 13. HP: 82/82 MP: 14/14
 15819 | Lair:1   | Reached skill level 5 in Shields
 17169 | Lair:2   | Received a gift from Trog
 17908 | Lair:2   | Found a staircase to the Snake Pit.
 18884 | Lair:3   | Found the +11 Singing Sword {sonic wave}
 19148 | Lair:3   | Found a staircase to the Swamp.
 19387 | Lair:4   | Found a gate leading to a gauntlet.
 19396 | Gauntlet | Entered a Gauntlet
 19396 | Gauntlet | Found a transporter.
 19401 | Gauntlet | Found a transporter.
 19402 | Gauntlet | Found a transporter.
 19420 | Gauntlet | Found a transporter.
 19428 | Gauntlet | Found a transporter.
 19449 | Gauntlet | Found a transporter.
 19460 | Gauntlet | Found a transporter.
 19472 | Gauntlet | Found a transporter.
 19493 | Gauntlet | Found a transporter.
 19505 | Gauntlet | Found a transporter.
 19505 | Gauntlet | Found a transporter.
 19565 | Gauntlet | Found a transporter.
 19579 | Gauntlet | Found a transporter.
 19658 | Gauntlet | Reached XP level 14. HP: 94/94 MP: 15/15
 19839 | Gauntlet | Identified the +0 pair of gloves "Pexuin" {Int+3}
 19891 | Gauntlet | Identified the +7 trident "Ulur" {pain, rPois rC- Str+8
                  | Stlth+}
 20604 | Lair:4   | Identified the +2 leather armour of Resilience {Drain Fly
                  | SInv}
 20800 | Lair:5   | Entered Level 5 of the Lair of Beasts
 20815 | Lair:5   | Reached skill level 15 in Fighting
 21161 | Lair:5   | Noticed Sonja
 21334 | Lair:5   | Killed Sonja
 21334 | Lair:5   | Received a gift from Trog
 21767 | Lair:5   | Found a viscous altar of Jiyva.
 21809 | Lair:5   | Found a staircase to the Slime Pits.
 22208 | Lair:5   | Reached skill level 10 in Evocations
 22261 | Lair:5   | Identified the +4 falchion of the Fox {venom, rF++}
 22329 | Lair:5   | Reached skill level 5 in Dodging
 22445 | Lair:5   | Reached XP level 15. HP: 103/103 MP: 16/16
 22787 | Lair:5   | Identified the +3 sling of Pilagyd {freeze, +Blink rCorr
                  | Int-4 Dex+6}
 22788 | Lair:5   | Identified the +7 rapier "Lunn" {pain, Fragile Str+3 Dex+6
                  | SInv}
 22821 | Lair:5   | Identified a scroll of acquirement
 22825 | Lair:5   | Acquired 573 gold pieces
 23231 | D:12     | Found Secur's Assorted Antiques.
 23301 | D:12     | Bought a potion of haste for 290 gold pieces
 23301 | D:12     | Bought a scroll of fear for 116 gold pieces
 23301 | D:12     | Bought a scroll labelled BAITZOGOM AGHU for 29 gold pieces
 23301 | D:12     | Bought a potion of heal wounds for 145 gold pieces
 23441 | D:12     | Found Seymmiry's Antique Armour Shoppe.
 25192 | D:13     | Found a runed translucent gate.
 25192 | D:13     | Found a runed translucent gate.
 25192 | D:13     | Found a runed translucent gate.
 25196 | D:13     | Found the +3 crown of Dyrovepreva {rElec Int+2 SInv}
 25197 | D:13     | Noticed BinkBink's ghost (journeyman TrBe)
 25409 | D:13     | Reached skill level 10 in Shields
 25978 | D:13     | Killed BinkBink's ghost
 26240 | D:14     | Identified the +8 scimitar "Loleb" {flame, rN+}
 26431 | D:14     | Found a gate to the Vaults.
 26557 | D:14     | Found a blossoming altar of Fedhas.
 27313 | D:15     | Entered Level 15 of the Dungeon
 27339 | D:15     | Found a staircase to the Depths.
 27433 | D:15     | Found a runed translucent door.
 27701 | D:15     | Reached XP level 16. HP: 108/108 MP: 17/17
 27858 | D:15     | Received a gift from Trog
 28083 | D:15     | Found a basalt altar of Yredelemnul.
 28222 | Orc:1    | Entered Level 1 of the Orcish Mines
 28235 | Orc:1    | Reached skill level 10 in Dodging
 28389 | Orc:2    | Entered Level 2 of the Orcish Mines
 28590 | Orc:2    | Found a staircase to the Elven Halls.
 28843 | Orc:2    | Found Suhui's Jewellery Shoppe.
 28869 | Orc:2    | Found Eginoeci's Jewellery Emporium.
 28958 | Orc:2    | Found Pedavao Kaqi's Antique Armour Boutique.
 28998 | Orc:2    | Noticed Jorgrun
 29010 | Orc:2    | Killed Jorgrun
 29011 | Orc:2    | Received a gift from Trog
 29025 | Orc:2    | Found Suhyxao's Distillery.
 29109 | Orc:2    | Bought a glowing cloak for 217 gold pieces
 29125 | Orc:2    | Bought 2 potions of invisibility for 240 gold pieces
 29125 | Orc:2    | Bought 2 potions of curing for 90 gold pieces
 29125 | Orc:2    | Bought a potion of might for 60 gold pieces
 29125 | Orc:2    | Bought a potion of haste for 150 gold pieces
 29125 | Orc:2    | Bought a potion of enlightenment for 75 gold pieces
 29125 | Orc:2    | Bought a potion of invisibility for 120 gold pieces
 29921 | Snake:1  | Entered Level 1 of the Snake Pit
 29981 | Snake:1  | Reached skill level 15 in Dodging
 30620 | Snake:1  | Found a runed translucent door.
 30621 | Snake:1  | Found a shimmering altar of Xom.
 30621 | Snake:1  | Noticed Lusmu's ghost (adept TeSu)
 30621 | Snake:1  | Identified the +12 morningstar of Fury {chaos, rF+ rC+
                  | Stlth+}
 31034 | Snake:1  | Killed Lusmu's ghost
 31041 | Snake:1  | Identified the ring of Broken Luck {Fire *Slow rElec rN+
                  | Str+5}
 31163 | Snake:2  | Found a transporter.
 31164 | Snake:2  | Found a transporter.
 31634 | Snake:2  | Found a transporter.
 31731 | Snake:2  | Found a transporter.
 31887 | Snake:2  | Found a transporter.
 31889 | Snake:2  | Found a transporter.
 32043 | Snake:2  | Identified the +1 long sword of Efumeps {pain, rPois Int+3}
 32217 | Snake:2  | Reached XP level 17. HP: 114/116 MP: 18/18
 34429 | Snake:3  | Identified the serpent talisman of Hide-and-Seek {rF+ MP+9
                  | Int+2}
 34429 | Snake:3  | Noticed Aizul
 34439 | Snake:3  | Killed Aizul
 34540 | Snake:3  | Received a gift from Trog
 34546 | Snake:3  | Found Qoolannu's Book Shoppe.
 34546 | Snake:3  | Found Paruo's Jewellery Boutique.
 34549 | Snake:3  | Found Evoejoriz's Jewellery Boutique.
 34558 | Snake:3  | Bought a +4 ring of slaying for 1170 gold pieces
 34897 | Snake:3  | Noticed Vashnia
 34907 | Snake:3  | Killed Vashnia
 35170 | Snake:3  | Identified the ring "Sempoikk" {rElec rC+ EV+5 Str+3
                  | Slay+3}
 35737 | Snake:3  | Identified the staff of Honour {rF+ Int+2 Fire}
 35806 | Snake:4  | Entered Level 4 of the Snake Pit
 36155 | Snake:4  | Found Ito Ediu's Book Emporium.
 36157 | Snake:4  | Found Ulusid's Antique Weapon Shoppe.
 36159 | Snake:4  | Found Jixkieff's Assorted Antiques.
 36167 | Snake:4  | Bought a potion of curing for 117 gold pieces
 36167 | Snake:4  | Bought a glittering glass ring for 195 gold pieces
 36167 | Snake:4  | Identified the ring of Suspected Treachery {rN+ rCorr
                  | Str+4} (You bought it in a shop on level 4 of the Snake
                  | Pit)
 36623 | Snake:4  | Reached XP level 18. HP: 116/129 MP: 19/19
 37242 | Snake:4  | Received a gift from Trog
 37773 | Snake:4  | Got a serpentine rune of Zot
 38017 | Swamp:1  | Entered Level 1 of the Swamp
 38728 | Swamp:2  | Identified the +1 leather armour "Kegiff" {rElec MP+9
                  | Str+3}
 39156 | Swamp:2  | Found a transporter.
 39156 | Swamp:2  | Noticed Tarkan's ghost (journeyman MiBe)
 39157 | Swamp:2  | Noticed a tentacled monstrosity
 39159 | Swamp:2  | Noticed a tentacled monstrosity
 39170 | Swamp:2  | Found a transporter.
 39178 | Swamp:2  | Noticed Kirke
 39183 | Swamp:2  | Killed Kirke
 39250 | Swamp:2  | Received a gift from Trog
 40001 | Swamp:4  | Entered Level 4 of the Swamp
 40584 | Swamp:4  | Noticed a tentacled monstrosity
 40591 | Swamp:4  | Killed a tentacled monstrosity
 40729 | Swamp:4  | Reached XP level 19. HP: 93/139 MP: 20/20
 41136 | Swamp:4  | Found a basalt altar of Yredelemnul.
 41197 | Swamp:4  | Found a blossoming altar of Fedhas.
 41646 | Swamp:4  | Got a decaying rune of Zot
 42046 | D:4      | Killed temujin's ghost
 42294 | Vaults:1 | Entered Level 1 of the Vaults
 42434 | Vaults:1 | Identified the +11 morningstar of the Ageless Songs {heavy,
                  | Str+3} (Trog gifted it to you on level 1 of the Vaults)
 42434 | Vaults:1 | Received a gift from Trog
 42549 | Vaults:1 | Found a transporter.
 42562 | Vaults:1 | Found a transporter.
 44181 | Vaults:1 | Found a runed translucent gate.
 44181 | Vaults:1 | Found a runed translucent gate.
 44181 | Vaults:1 | Noticed a tentacled monstrosity
 44181 | Vaults:1 | Noticed a tentacled monstrosity
 44181 | Vaults:1 | Noticed a tentacled monstrosity
 44182 | Vaults:1 | Found a runed translucent gate.
 44423 | Vaults:1 | Killed a tentacled monstrosity
 44584 | Vaults:1 | Killed a tentacled monstrosity
 44598 | Vaults:1 | Killed a tentacled monstrosity
 44734 | Vaults:1 | Reached XP level 20. HP: 140/150 MP: 21/21
 44759 | Vaults:1 | Found a runed translucent gate.
 44759 | Vaults:1 | Found a runed translucent gate.
 44768 | Vaults:1 | Found a runed translucent gate.
 44768 | Vaults:1 | Noticed BinkBink's ghost (adept GrFi)
 44899 | Vaults:1 | Gained mutation: You are weak. (Str -2) [a cacodemon]
 44901 | Vaults:1 | Gained mutation: You occasionally lose the ability to drink
                  | potions when taking damage. [a cacodemon]
 44931 | Vaults:1 | Lost mutation: You are weak. (Str -2) [a cacodemon]
 44933 | Vaults:1 | Gained mutation: Your magical capacity is low. (-10% MP) [a
                  | cacodemon]
 44972 | Vaults:1 | Killed BinkBink's ghost
 45114 | Vaults:1 | Gained mutation: Potions are less effective at restoring
                  | your health. [a shining eye]
 45183 | Vaults:1 | Identified the +2 pair of gloves of the Valley of Death
                  | {*Corrode rElec Slay+3}
 45184 | Vaults:1 | Gained mutation: Your body sometimes deteriorates upon
                  | taking damage. [mutagenic glow]
 45203 | Vaults:1 | Gained mutation: You occasionally lose the ability to read
                  | scrolls when taking damage. [mutagenic glow]
 45211 | Vaults:1 | Gained mutation: Your body often deteriorates upon taking
                  | damage. [mutagenic glow]
 45240 | Vaults:1 | Gained mutation: You sometimes lose the ability to read
                  | scrolls when taking damage. [mutagenic glow]
 45248 | Vaults:1 | Lost mutation: Your magical capacity is low. (-10% MP)
                  | [mutagenic glow]
 45307 | Vaults:1 | Lost mutation: You occasionally lose the ability to drink
                  | potions when taking damage. [potion of mutation]
 45307 | Vaults:1 | Lost mutation: Potions are less effective at restoring your
                  | health. [potion of mutation]
 45307 | Vaults:1 | Gained mutation: Armour fits poorly on your strangely
                  | shaped body. [potion of mutation]
 45307 | Vaults:1 | Gained mutation: You have supernaturally acute eyesight.
                  | (SInv) [potion of mutation]
 45308 | Vaults:1 | Lost mutation: You sometimes lose the ability to read
                  | scrolls when taking damage. [potion of mutation]
 45308 | Vaults:1 | Lost mutation: You occasionally lose the ability to read
                  | scrolls when taking damage. [potion of mutation]
 45308 | Vaults:1 | Gained mutation: You do not regenerate when monsters are
                  | visible. [potion of mutation]
 45308 | Vaults:1 | Gained mutation: You are covered in fur. (AC +1) [potion of
                  | mutation]
 45309 | Vaults:1 | Lost mutation: You have supernaturally acute eyesight.
                  | (SInv) [potion of mutation]
 45309 | Vaults:1 | Lost mutation: Your body often deteriorates upon taking
                  | damage. [potion of mutation]
 45309 | Vaults:1 | Gained mutation: You are weak. (Str -2) [potion of
                  | mutation]
 45309 | Vaults:1 | Gained mutation: You are dopey. (Int -2) [potion of
                  | mutation]
 45309 | Vaults:1 | Gained mutation: Your body often deteriorates upon taking
                  | damage. [potion of mutation]
 45310 | Vaults:1 | Lost mutation: Armour fits poorly on your strangely shaped
                  | body. [potion of mutation]
 45310 | Vaults:1 | Lost mutation: You do not regenerate when monsters are
                  | visible. [potion of mutation]
 45310 | Vaults:1 | Lost mutation: You are weak. (Str -2) [potion of mutation]
 45310 | Vaults:1 | Gained mutation: Your natural rate of healing is unusually
                  | fast. [potion of mutation]
 45310 | Vaults:1 | Gained mutation: Your flesh is cold resistant. (rC+)
                  | [potion of mutation]
 45310 | Vaults:1 | Gained mutation: You are resistant to electric shocks.
                  | (rElec) [potion of mutation]
 45989 | Vaults:2 | Found Ydwu's Book Shop.
 46108 | Vaults:2 | Received a gift from Trog
 47865 | Vaults:3 | Paralysed by a formless jellyfish for 1 turns
 48057 | Vaults:3 | Reached XP level 21. HP: 161/161 MP: 22/22
 48130 | Vaults:3 | Found Wubappe's Weapon Shoppe.
 48236 | Vaults:3 | Found a staircase to the Crypt.
 48236 | Vaults:3 | Found an ancient bone altar of Kikubaaqudgha.
 48237 | Vaults:3 | Found a basalt altar of Yredelemnul.
 48260 | Vaults:3 | Identified the +2 eveningstar of War {heavy, rElec rF++ rC+
                  | Dex-5} (Trog gifted it to you on level 3 of the Vaults)
 48260 | Vaults:3 | Received a gift from Trog
 48728 | Vaults:4 | Noticed Margery
 48816 | Vaults:3 | Killed Margery
 48951 | Vaults:4 | Reached skill level 27 in Fighting
 49044 | Vaults:4 | Received a gift from Trog
 49446 | Vaults:4 | Noticed a dread lich
 49453 | Vaults:4 | Killed a dread lich
 49616 | Vaults:4 | Paralysed by a formless jellyfish for 1 turns
 49899 | Vaults:5 | Identified the of Fuikeofu
 49899 | Vaults:5 | Identified the "Tagel"
 49899 | Depths:1 | Entered Level 1 of the Depths
 49899 | Depths:1 | Noticed a dread lich
 49899 | Depths:1 | Found a one-way gateway to a ziggurat.
 49905 | Depths:1 | Killed a dread lich
 50056 | Depths:1 | Received a gift from Trog
 50081 | Depths:1 | Found a gateway to Hell.
 50176 | Depths:1 | Found a glowing golden altar of the Shining One.
 50244 | Depths:1 | Found a one-way gate leading to the halls of Pandemonium.
 50375 | Depths:1 | Noticed Mara
 50377 | Depths:1 | Noticed GordonOverkill's illusion
 50388 | Depths:1 | Killed Mara
 50597 | Depths:1 | Found Oruocoidgh's Armour Shop.
 50608 | Depths:1 | Bought a +2 pair of gloves of strength for 430 gold pieces
 50787 | Depths:2 | Noticed a golden dragon
 50795 | Depths:2 | Killed a golden dragon
 50813 | Depths:2 | Reached XP level 22. HP: 169/169 MP: 23/23
 50818 | Depths:2 | Reached skill level 15 in Armour
 51317 | Depths:2 | Found Zosonk's Vocational Training.
 51324 | Depths:2 | Bought a manual of Evocations for 960 gold pieces
 51358 | Depths:2 | Paralysed by a sphinx for 3 turns
 51853 | Depths:2 | Identified the +6 flail of Woobio {heavy, Stlth+} (Trog
                  | gifted it to you on level 2 of the Depths)
 51853 | Depths:2 | Received a gift from Trog
 51867 | Depths:2 | Identified the staff of Wariness {rCorr Str-3 Int+3 Dex+3
                  | Earth}
 52357 | Depths:3 | Found a one-way gate to the infinite horrors of the Abyss.
 52611 | Depths:3 | Noticed a juggernaut
 52625 | Depths:3 | Killed a juggernaut
 52643 | Depths:3 | Noticed a golden dragon
 52650 | Depths:3 | Killed a golden dragon
 52772 | Depths:3 | a shadow dragon changed into a golden dragon
 52772 | Depths:3 | Noticed a golden dragon (glowing shapeshifter)
 52776 | Depths:3 | Killed a golden dragon
 52926 | Depths:3 | Identified the +10 whip "Zafusyer" {distort, rElec}
 52926 | Depths:3 | Identified the ring "Iddis" {Ice Stlth+}
 52932 | Depths:3 | Received a gift from Trog
 52995 | Depths:3 | Reached skill level 15 in Evocations
 53188 | Depths:3 | Noticed a juggernaut
 53196 | Depths:3 | Noticed a caustic shrike
 53210 | Depths:3 | Noticed a caustic shrike
 53211 | Depths:3 | Killed a juggernaut
 53211 | Depths:3 | Noticed a caustic shrike
 53211 | Depths:3 | Noticed a caustic shrike
 53226 | Depths:3 | Reached XP level 23. HP: 175/175 MP: 24/24
 53460 | Depths:3 | Killed a caustic shrike
 53529 | Depths:3 | Killed a caustic shrike
 53621 | Depths:3 | Killed a caustic shrike
 53963 | Depths:3 | Killed a caustic shrike
 54029 | Depths:4 | Entered Level 4 of the Depths
 54041 | Depths:4 | Found Pyod's One-of-a-Kind Books.
 54233 | Depths:4 | Noticed a golden dragon
 54247 | Depths:4 | Killed a golden dragon
 54441 | Depths:4 | Noticed a caustic shrike
 54441 | Depths:4 | Noticed a caustic shrike
 54441 | Depths:4 | Noticed a caustic shrike
 54457 | Depths:4 | Killed a caustic shrike
 54461 | Depths:4 | Killed a caustic shrike
 54466 | Depths:4 | Killed a caustic shrike
 54555 | Depths:4 | Noticed Mennas
 54584 | Depths:4 | Killed Mennas
 54648 | Depths:4 | Received a gift from Trog
 54743 | Depths:4 | Found a gate to the Realm of Zot.
 55414 | Elf:1    | Entered Level 1 of the Elven Halls
 56177 | Elf:1    | Paralysed by an air elemental for 1 turns
 56384 | Elf:2    | Reached skill level 15 in Shields
 56508 | Elf:2    | Found Qoolannu's Jewellery Shop.
 56544 | Elf:2    | Found a runed translucent gate.
 56545 | Elf:2    | Found a runed translucent gate.
 56545 | Elf:2    | Found a runed translucent gate.
 56726 | Elf:2    | Found Kimma's Jewellery Emporium.
 56745 | Elf:2    | Reached XP level 24. HP: 181/181 MP: 24/24
 56785 | Elf:2    | Reached ****** piety under Trog
 57250 | Elf:2    | Identified the blade talisman "Canus" {+Blink rElec rPois
                  | Int-5}
 57496 | Elf:3    | Entered Level 3 of the Elven Halls
 57524 | Elf:3    | Identified the +6 great sword "Xorynots" {flame, Dex+4
                  | SInv} (Trog gifted it to you on level 3 of the Elven Halls)
 57524 | Elf:3    | Received a gift from Trog
 58495 | Elf:2    | Received a gift from Trog
 58578 | Elf:3    | Identified the ring of Xom's Bemusement {rPois rC+ Str-5
                  | Int+3}
 58619 | Abyss:4  | Cast into level 4 of the Abyss (a deep elf sorcerer)
 58942 | Elf:3    | Escaped the Abyss
 59114 | Elf:3    | Identified the ring "Memmoth" {Fly MP+9 EV+5 Slay-2}
 59164 | Elf:3    | Identified the ring "Sabremie" {rPois Int+9}
 59232 | Elf:3    | Received a gift from Trog
 59596 | Elf:3    | Found Tishoram's Weapon Emporium.
 59993 | Elf:3    | Found the +2 hood of the Assassin {Detect Stab+ Stlth++}
 59998 | Elf:3    | Identified the staff "Otetsuqist" {rElec Conj}
 60020 | Elf:3    | Identified the +1 cloak of Fedhas's Favour {Dex+2 Stlth+}
 60027 | Elf:3    | Identified the ring "Diecaah" {rPois rCorr MP+9 Dex-2}
 60031 | Elf:3    | Identified the ring "Wonese" {*Slow rPois Int+6 Dex-3
                  | Slay+4}
 60109 | Elf:3    | Identified the staff of Fate {rF+ Int+8 Fire}
 60608 | Vaults:5 | Entered Level 5 of the Vaults
 60908 | Vaults:5 | Noticed a dread lich
 60914 | Vaults:5 | Identified the +10 morningstar "Osixtap" {antimagic, Will+}
                  | (Trog gifted it to you on level 5 of the Vaults)
 60914 | Vaults:5 | Received a gift from Trog
 60928 | Vaults:5 | Reached XP level 25. HP: 185/187 MP: 24/24
 60933 | Vaults:5 | Killed a dread lich
 61518 | Vaults:5 | Identified the +5 flail "Oleon" {heavy, Str+3} (Trog gifted
                  | it to you on level 5 of the Vaults)
 61518 | Vaults:5 | Received a gift from Trog
 61784 | Vaults:5 | Identified the staff "Sauc" {rElec Str+2 Air}
 61788 | Vaults:5 | Identified the +2 rapier of the Skies Above {drain, rF+++
                  | rC- Will- Dex+6 SInv}
 61844 | Vaults:5 | Identified the +7 spear of Classification {flame, rN+ Str-4
                  | Int+3 Stlth+}
 61870 | Vaults:5 | Noticed an ancient lich
 61873 | Vaults:5 | Killed an ancient lich
 61976 | Vaults:5 | Received a gift from Trog
 62117 | Vaults:5 | Identified the +2 leather armour of Piozy {+Blink Will+}
 62485 | Vaults:5 | Got a silver rune of Zot
 63364 | Zot:1    | Entered Level 1 of the Realm of Zot
 63406 | Zot:1    | Reached XP level 26. HP: 193/193 MP: 24/24
 63718 | D:12     | Bought the +8 orange crystal plate armour {Archmagi, Int+3
                  | Clar} for 2890 gold pieces
 63718 | D:12     | Found the +8 orange crystal plate armour {Archmagi, Int+3
                  | Clar}
 64588 | Zot:1    | You are sucked into a shaft and drop 1 floor!
 64658 | Zot:2    | Received a gift from Trog
 65777 | Zot:3    | Noticed an orb of fire
 66462 | Zot:2    | Gained mutation: You are frail. (-10% HP) [an orb of fire]
 66471 | Zot:2    | Killed an orb of fire
 66507 | Zot:2    | Lost mutation: Your flesh is cold resistant. (rC+) [potion
                  | of mutation]
 66507 | Zot:2    | Lost mutation: You are covered in fur. (AC +1) [potion of
                  | mutation]
 66507 | Zot:2    | Lost mutation: You are resistant to electric shocks.
                  | (rElec) [potion of mutation]
 66507 | Zot:2    | Gained mutation: You are partially covered in large bone
                  | plates. (SH +4) [potion of mutation]
 66508 | Zot:2    | Lost mutation: Your body often deteriorates upon taking
                  | damage. [potion of mutation]
 66508 | Zot:2    | Lost mutation: You are partially covered in large bone
                  | plates. (SH +4) [potion of mutation]
 66508 | Zot:2    | Gained mutation: Your flesh is cold resistant. (rC+)
                  | [potion of mutation]
 66508 | Zot:2    | Gained mutation: Your muscles are strong. (Str +4, Int/Dex
                  | -1) [potion of mutation]
 66509 | Zot:2    | Lost mutation: You are frail. (-10% HP) [potion of
                  | mutation]
 66509 | Zot:2    | Lost mutation: You are dopey. (Int -2) [potion of mutation]
 66509 | Zot:2    | Lost mutation: Your muscles are strong. (Str +4, Int/Dex
                  | -1) [potion of mutation]
 66509 | Zot:2    | Gained mutation: Your magical capacity is low. (-10% MP)
                  | [potion of mutation]
 66509 | Zot:2    | Gained mutation: You are covered in fur. (AC +1) [potion of
                  | mutation]
 66524 | Zot:2    | Lost mutation: Your natural rate of healing is unusually
                  | fast. [potion of mutation]
 66524 | Zot:2    | Lost mutation: Your body sometimes deteriorates upon taking
                  | damage. [potion of mutation]
 66524 | Zot:2    | Gained mutation: Your flesh is very cold resistant. (rC++)
                  | [potion of mutation]
 66524 | Zot:2    | Gained mutation: You have hidden genetic defects. [potion
                  | of mutation]
 66525 | Zot:2    | Lost mutation: Your magical capacity is low. (-10% MP)
                  | [potion of mutation]
 66525 | Zot:2    | Lost mutation: You have hidden genetic defects. [potion of
                  | mutation]
 66525 | Zot:2    | Lost mutation: You are covered in fur. (AC +1) [potion of
                  | mutation]
 66525 | Zot:2    | Gained mutation: You are weak. (Str -2) [potion of
                  | mutation]
 66526 | Zot:2    | Lost mutation: You are weak. (Str -2) [potion of mutation]
 66526 | Zot:2    | Lost mutation: Your flesh is very cold resistant. (rC++)
                  | [potion of mutation]
 66526 | Zot:2    | Lost mutation: Your flesh is cold resistant. (rC+) [potion
                  | of mutation]
 66526 | Zot:2    | Gained mutation: You are frail. (-10% HP) [potion of
                  | mutation]
 66526 | Zot:2    | Gained mutation: You are agile. (Dex +4, Str/Int -1)
                  | [potion of mutation]
 66526 | Zot:2    | Gained mutation: You are vulnerable to heat. (rF-) [potion
                  | of mutation]
 66526 | Zot:2    | Gained mutation: Your system is resistant to poisons.
                  | (rPois) [potion of mutation]
 66527 | Zot:2    | Lost mutation: Your system is resistant to poisons. (rPois)
                  | [potion of mutation]
 66527 | Zot:2    | Lost mutation: You are agile. (Dex +4, Str/Int -1) [potion
                  | of mutation]
 66527 | Zot:2    | Lost mutation: You are frail. (-10% HP) [potion of
                  | mutation]
 66527 | Zot:2    | Gained mutation: You passively map a small area around you.
                  | [potion of mutation]
 66527 | Zot:2    | Gained mutation: You have supernaturally acute eyesight.
                  | (SInv) [potion of mutation]
 66527 | Zot:2    | Gained mutation: You passively map the area around you.
                  | [potion of mutation]
 66528 | Zot:2    | Lost mutation: You are vulnerable to heat. (rF-) [potion of
                  | mutation]
 66528 | Zot:2    | Lost mutation: You have supernaturally acute eyesight.
                  | (SInv) [potion of mutation]
 66528 | Zot:2    | Lost mutation: You passively map the area around you.
                  | [potion of mutation]
 66528 | Zot:2    | Gained mutation: You are frail. (-10% HP) [potion of
                  | mutation]
 66529 | Zot:2    | Lost mutation: You are frail. (-10% HP) [potion of
                  | mutation]
 66529 | Zot:2    | Lost mutation: You passively map a small area around you.
                  | [potion of mutation]
 66529 | Zot:2    | Gained mutation: You are resistant to electric shocks.
                  | (rElec) [potion of mutation]
 66529 | Zot:2    | Gained mutation: You are partially covered in iridescent
                  | scales. (AC +2) [potion of mutation]
 66529 | Zot:2    | Gained mutation: Your muscles are strong. (Str +4, Int/Dex
                  | -1) [potion of mutation]
 66597 | Zot:3    | Noticed an orb of fire
 66599 | Zot:3    | Gained mutation: Potions are less effective at restoring
                  | your health. [an orb of fire]
 66601 | Zot:3    | Gained mutation: You are dopey. (Int -2) [an orb of fire]
 66604 | Zot:3    | Killed an orb of fire
 67528 | Zot:3    | Identified the +3 mace "Tialec" {heavy, rElec rCorr Int-5}
                  | (Trog gifted it to you on level 3 of the Realm of Zot)
 67528 | Zot:3    | Received a gift from Trog
 68092 | Zot:4    | Identified the +0 robe of Wirhahuh {rElec}
 68682 | Zot:5    | Entered Level 5 of the Realm of Zot
 68697 | Zot:5    | Reached XP level 27. HP: 190/199 MP: 24/24
 68921 | Zot:5    | Found a runed translucent door.
 69130 | Zot:5    | Noticed kush's ghost (master DsFE)
 69144 | Zot:5    | Killed kush's ghost
 69147 | Zot:5    | Identified the amulet "Jeirgh" {RegenMP rN+ rCorr Str-2
                  | Int+3}
 69263 | Zot:5    | Reached skill level 27 in Shields
 69360 | Zot:5    | Noticed an ancient lich
 69365 | Zot:5    | Noticed an ancient lich
 69374 | Zot:5    | Killed an ancient lich
 69379 | Zot:5    | Killed an ancient lich
 69564 | Zot:5    | Noticed an orb of fire
 69565 | Zot:5    | Gained mutation: You occasionally shout uncontrollably at
                  | your foes. [an orb of fire]
 69581 | Zot:5    | Killed an orb of fire
 69622 | Zot:5    | Noticed an orb of fire
 69645 | Zot:5    | Killed an orb of fire
 69775 | Zot:5    | Lost mutation: You are dopey. (Int -2) [potion of mutation]
 69775 | Zot:5    | Lost mutation: You are partially covered in iridescent
                  | scales. (AC +2) [potion of mutation]
 69775 | Zot:5    | Lost mutation: Your muscles are strong. (Str +4, Int/Dex
                  | -1) [potion of mutation]
 69775 | Zot:5    | Gained mutation: You occasionally lose the ability to read
                  | scrolls when taking damage. [potion of mutation]
 69775 | Zot:5    | Gained mutation: You are strong-willed. (Will+) [potion of
                  | mutation]
 69775 | Zot:5    | Gained mutation: You have hidden genetic potential. [potion
                  | of mutation]
 69776 | Zot:5    | Lost mutation: You occasionally shout uncontrollably at
                  | your foes. [potion of mutation]
 69776 | Zot:5    | Lost mutation: You are resistant to electric shocks.
                  | (rElec) [potion of mutation]
 69776 | Zot:5    | Lost mutation: You have hidden genetic potential. [potion
                  | of mutation]
 69776 | Zot:5    | Lost mutation: You occasionally lose the ability to read
                  | scrolls when taking damage. [potion of mutation]
 69776 | Zot:5    | Gained mutation: Your natural rate of healing is unusually
                  | fast. [potion of mutation]
 69776 | Zot:5    | Gained mutation: You have sharp fingernails. [potion of
                  | mutation]
 70000 | Zot:5    | Received a gift from Trog
 70011 | Zot:5    | Noticed an ancient lich
 70040 | Zot:5    | Killed an ancient lich
 70080 | Zot:5    | Noticed a dread lich
 70083 | Zot:5    | Noticed an orb of fire
 70118 | Zot:5    | Killed an orb of fire
 70122 | Zot:5    | Killed a dread lich
 70573 | Zot:5    | Noticed an ancient lich
 70588 | Zot:5    | Killed an ancient lich
 71041 | Zot:5    | Got the Orb of Zot
 71111 | Zot:2    | Noticed Mifusagu the pandemonium lord
 71462 | D:7      | Noticed Fachauta the pandemonium lord
 71472 | D:7      | Killed Fachauta the pandemonium lord
 71595 | D:$      | Escaped with the Orb!

Illustrated notes

Levels and vault maps discovered:
D:1:      elethiomel_arrival_quiet, layout_basic
D:2:      layout_loops_cross, minmay_heptomino_l4, uniq_crazy_yiuf_cottage
D:3:      minmay_chambers_of_threes, layout_loops_ring, minitemple,
          old_standard_altar, uniq_grinder
D:4:      layout_basic, serial_shops, shop, nicolae_shop_window_shopping,
          gammafunk_ghost_stat_death
D:5:      layout_loops_ring, minmay_temple_entry_overgrown, gup_sewer_entry_pipe
D:6:      layout_rooms, uniq_eustachio, uniq_sigmund, uniq_edmund
D:7:      layout_rooms, minmay_fractal_squares_diagonal_5
D:8:      layout_gridville, uniq_prince_ribbit1, uniq_maurice
D:9:      layout_loops_cross, minmay_orc_keep
D:10:     layout_small_grid, due_lair_maze_entry_diamond
D:11:     layout_roguey, erik_orc_2, enter_trove_1,
          portal_ice_cave_entry_ice_simulacra, nicolae_shop_firing_range
D:12:     kennysheep_spiral_hall, layout_cave_pools, serial_shops,
          nicolae_shop_just_a_little_nook, nicolae_shop_window_shopping
D:13:     layout_stronghold, gammafunk_ghost_spectres, minmay_shattered_shrine
D:14:     layout_basic, david_vaults_5, fedhas_altar_fruit_tree,
          minmay_fractal_squares_gapless_5
D:15:     grunt_enter_depths_giant_problem, layout_basic, nicolae_danse_macabre
Temple:   sentei_temple_godly_chess
Lair:1:   layout_long_grid
Lair:2:   layout_cave_pods, guppyfry_snake_entry_garden, lemuel_fruit_tree,
          grunt_megastairs_1, serial_bayou_shore_a
Lair:3:   layout_misc_corridors, mainiacjoe_swamp_entry_angry_trees,
          st_stairs_9, minmay_stone_trees_small
Lair:4:   layout_long_grid, gauntlet_entry_generic
Lair:5:   gammafunk_lair_ancient_temple, layout_regular_city,
          minmay_slime_entry_pillars, grunt_megastairs_5,
          infiniplex_staircase_pool_2, uniq_sonja
Swamp:1:  layout_basic_swamp, nicolae_swamp_tree_designs, swamp_pool_4
Swamp:2:  layout_falls_marsh, gammafunk_ghost_arena,
          evilmike_swamp_ruin_house_2, swamp_pool_3, uniq_kirke
Swamp:3:  nicolae_swamp_wrong_neighborhood, layout_basic_swamp,
          evilmike_swamp_ruin_house_5, swamp_pool_1_2
Swamp:4:  byrel_swamp_growth_death_and_undeath, layout_basic_swamp
Snake:1:  layout_concentric_octagons, ebering_ghost_xom, dpeg_stationary_puzzle
Snake:2:  layout_cave_town, grunt_ministairs_4, serial_nicolae_subway,
          nicolae_sub_station_stone, nicolae_sub_station_metal,
          nicolae_sub_station_crystal, grunt_megastairs_3
Snake:3:  minmay_snake_river, layout_grid_shapes, st_stairs_5,
          minmay_shop_grove, uniq_vashnia, uniq_aizul
Snake:4:  minmay_snake_end_coiled, layout_gridlike, minmay_shop_star
Orc:1:    layout_caves
Orc:2:    st_orc_open, layout_diamond_mine, basic_altar, nooodl_orcs_dogs,
          uniq_jorgrun
Elf:1:    eino_elf_arrival_the_gate, layout_rooms, evilmike_minifort,
          grunt_megastairs_4
Elf:2:    nicolae_elf_blades_crystal_corner, layout_geoelf_diagonals,
          serial_shops, shop, shop, guppyfry_elf_castle
Elf:3:    minmay_elf_hall_quartered_circle, layout_loops_cross, serial_shops,
          nicolae_shop_advertising_works [nicolae_subvault_shop_adworks],
          dilly_guarded_unrand_elemental_staff
Vaults:1: ploomutoo_gammafunk_ghost_potion_laboratory,
          nicolae_vaults_network_quinsquares
          [nicolae_vaults_network_quincunx_subvault,
          nicolae_vaults_network_quincunx_subvault,
          nicolae_vaults_network_quincunx_subvault,
          nicolae_vaults_network_quincunx_subvault],
          nicolae_vaults_network_star, v_misc_5, gammafunk_sealed_arena,
          v_misc_33, ontoclasm_vaults_chip, ontoclasm_vaults_bender, v_rooms_5,
          layout_vaults_omnibox
Vaults:2: nicolae_vaults_big_angled_halls, hangedman_vaults_stitches, v_misc_18,
          nicolae_vaults_inception_statues, nicolae_vaults_six-pack,
          nicolae_vaults_alarming, vaults_room_fours, st_diamondy,
          nicolae_vaults_house_2, nicolae_vaults_lightning_bolt,
          nicolae_vaults_closet_pinwheel_1, layout_vaults_maze_bifur,
          serial_shops, nicolae_shop_rolling_square
Vaults:3: v_alt_pattern_5, hangedman_vaults_stretched_pinwheel,
          nicolae_vaults_taking_the_gang_shopping, v_alt_pattern_4,
          nicolae_vaults_trapezoid_2, dpeg_vaults_monster_box,
          minmay_crypt_entry_necro_gods, vaults_room_fours,
          vaults_room_door_ring, nicolae_vaults_little_guard_posts,
          ontoclasm_vaults_spin, nicolae_vaults_heist, layout_vaults_big_room
Vaults:4: ontoclasm_vaults_ring_small, ontoclasm_vaults_idyll,
          nicolae_vaults_stepped_doors, nicolae_vaults_mini_display_case,
          nicolae_vaults_shipping_containers_1, v_rooms_1, v_pattern_5,
          hangedman_vaults_pinch, nicolae_vaults_trapezoid_2,
          nicolae_vaults_sealed_display, nicolae_vaults_ring_of_whatevers,
          layout_vaults_ring, uniq_margery
Vaults:5: serial_shops
Depths:1: nicolae_cairo_tiling_very_big, layout_cave_pools, enter_ziggurat_c,
          rand_demon_pan_entry_7, hell_entry, serial_shops,
          nicolae_lakefront_shop, tso_altar, uniq_mara
Depths:2: minmay_bad_star, layout_basic, lightli_too_deep, abandoned_shop,
          grunt_pan_entry_in_and_out, nicolae_shop_vocational,
          serial_bayou_shore_b, minmay_staircase_statues
Depths:3: grunt_runaround [grunt_runaround_doors_1, grunt_runaround_doors_2,
          grunt_runaround_doors_3, grunt_runaround_doors_4,
          grunt_runaround_loot], abyss_entry, hell_entry, pan_entry
Depths:4: evilmike_zot_entry_diamond, layout_gridville,
          grunt_hell_entry_dis_grunt, nicolae_rare_books, roderic_lattice_a,
          uniq_mennas
Zot:1:    layout_misc_corridors
Zot:2:    kennysheep_bubbly, layout_misc_corridors,
          regret_index_zotdec_serpentine_scales
Zot:3:    layout_basic, hangedman_zot_decor_slant
Zot:4:    layout_twisted_circle, regret_index_zotdec_twisting_globes,
          lemuel_elevator
Zot:5:    layout_misc_corridors, ebering_ghost_inner_flame

Skill      XL: |  1  2  3  4  5  6  7  8  9 10 11 12 13 14 15 16 17 18 19 20 21 22 23 24 25 26 27 |
---------------+----------------------------------------------------------------------------------+-----
Maces & Flails | 3 4 5 7 9 10 11 14 16 18 | 18.0
Throwing       | 1 |  1.0
Fighting       | 6 7 10 13 15 16 19 21 24 26 27 | 27.0
Armour         | 5 9 10 13 14 18 22 | 22.1
Dodging        | 3 6 8 15 | 15.0
Evocations     | 5 7 10 12 16 17 | 17.0
Shields        | 4 7 10 15 19 23 26 27 | 27.0
Stealth        | |  5.0

Action                     |  1- 3 |  4- 6 |  7- 9 | 10-12 | 13-15 | 16-18 | 19-21 | 22-24 | 25-27 || total
---------------------------+-------+-------+-------+-------+-------+-------+-------+-------+-------++-------
  Melee: Mace              |    81 |   112 |    75 |       |       |       |       |       |       ||   268
         Kick              |     8 |    24 |    55 |   252 |   363 |   427 |   492 |   701 |   809 ||  3131
         Peck              |    14 |    15 |    31 |   147 |   212 |   262 |   299 |   465 |   503 ||  1948
         Flail             |       |       |   106 |   399 |       |       |       |       |       ||   505
         Punch             |       |       |     5 |     2 |       |       |       |       |       ||     7
         Morningstar       |       |       |       |   244 |   170 |       |    89 |   311 |    42 ||   856
         Eveningstar       |       |       |       |       |   833 |  1175 |   942 |   403 |  1459 ||  4812
         Demon whip        |       |       |       |       |       |       |       |   763 |       ||   763
         Unarmed           |       |       |       |       |       |       |       |       |    29 ||    29
  Throw: Dart              |       |       |     3 |       |     3 |     1 |     1 |     1 |     4 ||    13
 Invoke: Berserk           |       |     4 |    17 |    15 |    29 |    24 |    21 |    23 |    17 ||   150
         Trog's Hand       |       |       |       |     4 |     3 |     6 |     5 |     6 |     9 ||    33
         Brothers in Arms  |       |       |       |       |     3 |     4 |     4 |     4 |     2 ||    17
  Evoke: Wand              |       |       |       |     5 |     1 |       |     3 |       |    11 ||    20
         Condenser vane    |       |       |       |       |       |       |       |       |     1 ||     1
    Use: Potion            |     1 |       |     5 |     2 |     3 |       |     4 |     9 |    18 ||    42
         Scroll            |     2 |     1 |     3 |    12 |    19 |     6 |     4 |    10 |    14 ||    71
   Stab: Sleeping          |    10 |     8 |       |       |       |       |       |       |       ||    18
         Invisible         |       |       |       |     2 |       |       |       |       |       ||     2
         Distracted        |       |       |       |     1 |     1 |     1 |       |       |     2 ||     5
 Armour: Leather armour    |    16 |       |       |       |       |       |       |       |       ||    16
         Ring mail         |    21 |    46 |       |       |       |       |       |       |       ||    67
         Chain mail        |       |     7 |   145 |   209 |       |       |       |       |       ||   361
         Crystal plate arm |       |       |       |   142 |   683 |   649 |   579 |   615 |   414 ||  3082
         Skin              |       |       |       |       |       |       |       |       |     6 ||     6
  Dodge: Dodged            |    47 |    56 |   146 |   253 |   265 |   550 |   482 |   491 |   422 ||  2712
  Block: Other             |       |       |     3 |    58 |       |       |       |       |     1 ||    62
         Reflection        |       |       |       |     5 |    28 |   116 |    83 |   115 |    27 ||   374
         Buckler           |       |       |       |   106 |   438 |       |       |       |       ||   544
         Kite shield       |       |       |       |       |   103 |   923 |       |       |       ||  1026
         Tower shield      |       |       |       |       |       |   307 |  1305 |  1560 |  1520 ||  4692

Table legend: (Time is in decaauts)
 A = Elapsed time spent in this place.
 B = Non-inter-level travel time spent in this place.
 C = Inter-level travel time spent in this place.
 D = Time resting spent in this place.
 E = Time spent auto-exploring this place.
 F = Levels seen in this place.
 G = Mean time per level.
                   A        B        C        D        E       F      G
               +--------+--------+--------+--------+--------+-----+--------+
         Total |  72103 |  67031 |   5072 |  23788 |  27022 |  51 | 1413.8 |
       Dungeon |  19692 |  17389 |   2303 |   5386 |   8361 |  15 | 1312.8 |
        Temple |     17 |     11 |      6 |      0 |      0 |   1 |   17.0 |
          Lair |   7607 |   7132 |    475 |   2893 |   3012 |   5 | 1521.4 |
         Swamp |   3960 |   3831 |    129 |   1485 |   1392 |   4 |  990.0 |
     Snake Pit |   8116 |   7821 |    295 |   3632 |   2467 |   4 | 2029.0 |
  Orcish Mines |   1630 |   1529 |    101 |    404 |    769 |   2 |  815.0 |
   Elven Halls |   4699 |   4573 |    126 |   1442 |   1864 |   3 | 1566.3 |
        Vaults |  10446 |   9709 |    737 |   3355 |   3798 |   5 | 2089.2 |
        Depths |   5794 |   5213 |    581 |   1182 |   2348 |   4 | 1448.5 |
           Zot |   7227 |   6912 |    315 |   2371 |   2626 |   5 | 1445.4 |
         Abyss |    303 |    303 |      0 |      7 |      0 |   1 |  303.0 |
      Ice Cave |   2038 |   2038 |      0 |   1446 |    193 |   1 | 2038.0 |
      Gauntlet |    568 |    568 |      0 |    180 |    191 |   1 |  568.0 |
               +--------+--------+--------+--------+--------+-----+--------+

Top non-repeatable levels by time:
Vaults:1: 3571 daAuts
 Snake:2: 2702 daAuts
   Elf:2: 2493 daAuts
   Zot:5: 2297 daAuts
    D:13: 2225 daAuts
 Snake:4: 2152 daAuts
 Snake:3: 2086 daAuts
Depths:3: 2073 daAuts
Vaults:5: 2065 daAuts
   IceCv: 2038 daAuts
  Lair:5: 1995 daAuts
  Lair:2: 1972 daAuts
   Zot:2: 1899 daAuts
Vaults:2: 1848 daAuts
     D:7: 1691 daAuts
